 Dungeon Crawl Stone Soup version 0.17.0-28-g6e173f8 (webtiles) character file.

738 HandofTrog the Skirmisher (level 7, -6/63 HPs)
             Began as a Ghoul Warper on Dec 2, 2015.
             Was a Follower of Kikubaaqudgha.
             Mangled by an orc wizard
             ... wielding a +0 long sword
              (9 damage)
             ... on level 4 of the Dungeon.
             The game lasted 00:22:10 (4858 turns).

HandofTrog the Skirmisher (Ghoul Warper)            Turns: 4858, Time: 00:22:11

Health: -6/63      AC:  7    Str: 17    XL:     7   Next: 75%
Magic:  11/11      EV: 12    Int:  8    God:    Kikubaaqudgha [*.....]
Gold:   175        SH:  0    Dex:  8    Spells: 6 memorised, 2 levels left

rFire  . . .     SeeInvis .       - Unarmed
rCold  + . .     Clarity  .     a - +0 leather armour
rNeg   + + +     SustAt   .     (no shield)
rPois  ∞         Gourm    .     (no helmet)
rElec  .         Spirit   .     (no cloak)
rCorr  .         Warding  .     (no gloves)
rMut   .         Stasis   .     (no boots)
MR     .....                    (no amulet)
Stlth  +.........               (no ring)
                                l - +4 ring of protection

@: flying, rotting, not resistant to hostile enchantments, very unstealthy
A: rotting body, claws 1, carnivore 3, cold resistance 1, negative energy
resistance 3, slow regeneration 1, torment resistance, unbreathing
a: Receive Corpses, Renounce Religion


You were on level 4 of the Dungeon.
You worshipped Kikubaaqudgha.
Kikubaaqudgha was aware of your devotion.
You were not hungry.

You visited 1 branch of the dungeon, and saw 4 of its levels.

You collected 175 gold pieces.

Inventory:

Hand Weapons
 f - a cursed -2 short sword
 p - a +0 war axe
 q - a +0 hand axe
Missiles
 d - 4 tomahawks of dispersal
 u - 5 javelins (quivered)
Armour
 a - a +0 leather armour (worn)
 w - a +0 chain mail
Jewellery
 h - an uncursed amulet of guardian spirit {unknown}
 l - a +4 ring of protection (left claw)
Wands
 o - a wand of disintegration (11)
Scrolls
 c - 2 scrolls of amnesia
 m - a scroll of remove curse
 s - a scroll of blinking
 t - a scroll of noise {unknown}
Potions
 j - a potion of resistance
Books
 b - a book of Spatial Translocations

   Spells                             Type                      Level
   a - Apportation                    Translocation                1
   b - Blink                          Translocation                2
   c - Shroud of Golubria             Charms/Translocation         2
   d - Portal Projectile              Translocation                3
   e - Teleport Other                 Translocation                3
   f - Passage of Golubria            Translocation                4
 g - a book of Dreams

   Spells                             Type                      Level
   a - Ensorcelled Hibernation        Hexes/Ice                    2
   b - Phase Shift                    Translocation                5
   c - Shadow Creatures               Summoning                    5
   d - Silence                        Hexes/Air                    5
   e - Darkness                       Hexes                        6
   f - Mass Confusion                 Hexes                        6
 r - Kikubaaqudgha's Almanac of Evil
   (Kikubaaqudgha gifted it to you on level 3 of the Dungeon)

   Spells                             Type                      Level
   a - Animate Skeleton               Necromancy                   1
   b - Pain                           Necromancy                   1
   c - Corpse Rot                     Necromancy                   2
   d - Vampiric Draining              Necromancy                   3
   e - Control Undead                 Necromancy                   4
Comestibles
 e - 2 meat rations
 i - a slice of pizza


   Skills:
 - Level 6.0 Fighting
 - Level 0.8 Throwing
 + Level 2.5 Armour
 + Level 3.0 Dodging
 - Level 2.1 Unarmed Combat
 * Level 3.7 Spellcasting
 + Level 2.8 Necromancy
 - Level 2.6 Translocations


You had 2 spell levels left.
You knew the following spells:

 Your Spells              Type           Power        Failure   Level  Hunger
a - Apportation           Tloc           #.........   14%         1    ##.....
b - Blink                 Tloc           N/A          21%         2    ###....
c - Shroud of Golubria    Chrm/Tloc      #.........   34%         2    ###....
d - Pain                  Necr           #...         14%         1    ##.....
e - Vampiric Draining     Necr           #.........   38%         3    ####...
f - Corpse Rot            Necr           N/A          21%         2    ###....


Dungeon Overview and Level Annotations

Branches:
Dungeon (4/15)
 Temple: D:4-7

Altars:
Dithmenos
Kikubaaqudgha


Innate Abilities, Weirdness & Mutations

Your body is rotting away.
You thrive on raw meat.
You are immune to poison.
You have sharp fingernails.
You are carnivorous and can eat meat at any time.
Your flesh is cold resistant.
You are immune to negative energy.
You regenerate slowly when monsters are visible.
You are immune to unholy pain and torment.
You can survive without breathing.


Message History

You hear some strange, mumbled words.
A magic dart appears from out of thin air!
The magic dart hits you!
* * * LOW HITPOINT WARNING * * *
You closely miss something. Something barely misses you.
Drink which item? (? for menu, Esc to quit)
It was a potion of flight.
You feel very buoyant.
You fly up into the air.
Something hits you.
* * * LOW HITPOINT WARNING * * *
Drink which item? (? for menu, Esc to quit)
It was a potion of lignification.
You feel woody for a moment.
You completely miss something.
You hear some strange, mumbled words.
A magic dart appears from out of thin air!
The magic dart hits you!
* * * LOW HITPOINT WARNING * * *
You scratch something. Something hits you!
You die...
Kikubaaqudgha rasps: "You have failed me!
Welcome... oblivion!"

....#.###.....#.#.####.##***,*
........................>,,,,*
..##..(..###.##.#.#######,****
..##.###.# *,...#...# *,*
..##.#**.# #.##*###.# *,*
..##..,,,# #,* #.# *,*
..###.**** *,* ####.#****,*
....%.#* *,* #....#*,,,,*
#.###..* *,* #@####*,****
*...*#+*****,**#{# *,*******
*##..,,,,.)......# *,,,,,,,*
*,,..,,,,..#.#####**********,*
*,**,,,,,,,*,**,,,,,,,,,,,,,,*
*,**,,,,,,,,,,,,,*************
*,**,,,,,,**,**,,*<,,,*,,,,*
*,,,,***+***,,,,,,,,,,**,*,***
**,,,**,,,,*,,,,,,,**,,,,*,,,*


There were no monsters in sight!

Vanquished Creatures
  Grinder (D:3)
  Sigmund (D:3)
  A scorpion (D:4)
  2 vampire bats (D:2)
  2 orc wizards
  2 worker ants
  6 adders
  4 orcs (D:3)
  4 bats
  5 bat skeletons (D:2)
  A bat zombie (D:2)
  2 giant cockroaches
  11 goblins
  5 hobgoblins
  19 jackals
  A quokka (D:3)
  A ball python (D:1)
  5 giant geckos
  2 giant newts (D:1)
  11 kobolds
  11 rats
97 creatures vanquished.

Notes
Turn   | Place    | Note
--------------------------------------------------------------
     0 | D:1      | HandofTrog the Ghoul Warper began the quest for the Orb.
     0 | D:1      | Reached XP level 1. HP: 17/17 MP: 2/2
    98 | D:1      | Reached XP level 2. HP: 6/25 MP: 3/3
   343 | D:1      | Reached skill level 3 in Fighting
   963 | D:1      | Reached XP level 3. HP: 28/32 MP: 4/4
  1281 | D:1      | Reached skill level 4 in Fighting
  1397 | D:2      | Learned a level 2 spell: Blink
  1400 | D:2      | Learned a level 2 spell: Shroud of Golubria
  2099 | D:2      | Reached XP level 4. HP: 14/36 MP: 5/5
  2638 | D:2      | Reached skill level 5 in Fighting
  2655 | D:2      | Found an ancient bone altar of Kikubaaqudgha.
  2665 | D:2      | Reached XP level 5. HP: 39/49 MP: 6/6
  2692 | D:2      | Reached skill level 6 in Fighting
  2699 | D:2      | Became a worshipper of Kikubaaqudgha
  3081 | D:3      | Reached skill level 1 in Armour
  3422 | D:3      | Reached skill level 1 in Necromancy
  3422 | D:3      | Reached XP level 6. HP: 25/57 MP: 8/8
  3493 | D:3      | Reached * piety under Kikubaaqudgha
  3493 | D:3      | Received a gift from Kikubaaqudgha
  3494 | D:3      | Identified Kikubaaqudgha's Almanac of Evil (Kikubaaqudgha gifted it to you on level 3 of the Dungeon)
  3497 | D:3      | Learned a level 1 spell: Pain
  3501 | D:3      | Learned a level 3 spell: Vampiric Draining
  3589 | D:3      | Noticed Sigmund
  3594 | D:3      | Killed Sigmund
  3629 | D:3      | Noticed Grinder
  3638 | D:3      | Paralysed by Grinder for 4 turns
  3670 | D:3      | Killed Grinder
  3670 | D:3      | Reached XP level 7. HP: 38/62 MP: 9/11
  3678 | D:3      | Learned a level 2 spell: Corpse Rot
  4794 | D:4      | Found a shadowy altar of Dithmenos.
  4857 | D:4      | HP: 3/63 [something/magic dart (4)]
  4858 | D:4      | Mangled by an orc wizard

Action                   |  1- 3 |  4- 6 |  7- 9 || total
-------------------------+-------+-------+-------++-------
Melee: Unarmed           |   175 |   211 |   132 ||   518
       Hand axe          |       |    13 |       ||    13
Throw: Javelin           |       |    17 |       ||    17
       Tomahawk          |       |     1 |       ||     1
  Use: Scroll            |     1 |     3 |     2 ||     6
       Potion            |       |       |     4 ||     4
  Eat: Chunk             |     6 |    34 |     4 ||    44
       Pizza             |       |       |     1 ||     1
